[Event "42nd Olympiad Baku 2016 Women"]
[Site "Baku"]
[Date "2016.09.06"]
[Round "5.18"]
[White "Sotomayor Villatoro, Silvi"]
[Black "Wafa, Shahenda"]
[Result "1-0"]
[ECO "A45"]
[WhiteElo "1876"]
[BlackElo "2113"]
[Annotator ""]
[PlyCount "153"]
[EventDate "2016.??.??"]
[EventType "team-tourn"]
[EventCountry "AZE"]
[SourceTitle "playchess.com"]
[Source "ChessBase"]
[WhiteTeam "Guatemala"]
[BlackTeam "Egypt"]
[WhiteTeamCountry "GUA"]
[BlackTeamCountry "EGY"]
[TimeControl "40/5400+30:1800+30"]

1. d4 {(00:00)} Nf6 {(00:00)} 2. e3 {(00:00)} e6 {(
00:00)} 3. Bd3 {(00:00)} b6 {(00:24)} 4. f4 {(00:35)} Bb7
{(00:54)} 5. Nf3 {(00:07)} c5 {(01:52)} 6. O-O {(
00:42)} Be7 {(01:41)} 7. Qe2 {(03:58)} cxd4 {(03:11)} 8.
exd4 {(00:39)} O-O {(00:43)} 9. c3 {(02:27)} d6 {(
02:33)} 10. Nbd2 {(01:40)} Nbd7 {(02:44)} 11. Re1 {(04:25]
} Re8 {(02:20)} 12. Qd1 {(13:44)} Qc7 {(02:37)} 13. c4 {
(07:28)} Bf8 {(03:44)} 14. b3 {(13:15)} e5 {(02:41]
} 15. fxe5 {(00:42)} dxe5 {(00:11)} 16. d5 {(02:17)} Nc5 {
(08:21)} 17. Bc2 {(00:28)} e4 {(02:44)} 18. Nd4 {(
03:00)} Qe5 {(04:23)} 19. Bb2 {(02:33)} Bd6 {(01:30)} 20.
Nf1 {(02:05)} Qf4 {(06:25)} 21. Qd2 {(06:10)} Qh4 {
(05:34)} 22. Nf5 {(01:23)} Qf4 {(02:13)} 23. Nxd6 {
(00:08)} Qxd6 {(00:23)} 24. Rad1 {(02:07)} a5 {(12:
46)} 25. Ng3 {(04:45)} Nd3 {(11:10)} 26. Bxd3 {(09:57)}
Qc5+ {(01:29)} 27. Kf1 {(00:08)} Ng4 {(05:13)} 28. Bxe4 {
(04:37)} Nxh2+ {(01:55)} 29. Ke2 {(00:02)} f5 {(00:
53)} 30. Kd3 {(01:21)} fxe4+ {(03:10)} 31. Rxe4 {(00:15)}
Qc7 {(09:25)} 32. Qg5 {(01:19)} h6 {(01:05)} 33. Qg6 {
(02:46)} Rf8 {(01:23)} 34. Rde1 {(03:14)} Qf7 {(00:
31)} 35. Qxf7+ {(01:49)} Rxf7 {(00:06)} 36. Bd4 {(00:45)}
b5 {(01:06)} 37. Rh1 {(00:22)} bxc4+ {(00:14)} 38. bxc4 {
(00:07)} Ba6 {(00:18)} 39. Rxh2 {(00:10)} Rc8 {(00:
17)} 40. Bb6 {(00:00)} a4 {(00:00)} 41. Rh1 {(02:45)} Rf6
{(01:42)} 42. Be3 {(03:28)} Rg6 {(00:35)} 43. Bf4 {
(00:25)} Rg4 {(00:47)} 44. Rhe1 {(00:53)} g5 {(01:
57)} 45. Bd6 {(00:21)} Bxc4+ {(00:49)} 46. Kd4 {(03:47)}
Rxe4+ {(00:41)} 47. Rxe4 {(00:08)} Bxa2 {(00:05)} 48. Bc5
{(02:33)} Bxd5 {(03:32)} 49. Kxd5 {(00:20)} Rd8+ {(
00:09)} 50. Bd6 {(01:31)} Ra8 {(00:54)} 51. Re3 {(00:49)}
Kf7 {(00:21)} 52. Re7+ {(03:29)} Kg6 {(01:23)} 53. Re6+ {
(01:38)} Kh7 {(00:16)} 54. Nf5 {(02:04)} Ra5+ {(00:
59)} 55. Ke4 {(00:01)} a3 {(00:45)} 56. Rxh6+ {(02:10)}
Kg8 {(00:07)} 57. Bxa3 {(00:43)} Ra4+ {(01:11)} 58. Ke5 {
(01:13)} Rxa3 {(00:21)} 59. Rg6+ {(00:05)} Kf7 {(
00:12)} 60. Rxg5 {(00:03)} Ra5+ {(00:08)} 61. Ke4 {(01:36]
} Kf6 {(00:14)} 62. Rh5 {(00:40)} Kg6 {(00:35)} 63. g4 {
(00:21)} Ra4+ {(00:48)} 64. Nd4 {(00:13)} Rb4 {(00:
17)} 65. Rb5 {(00:19)} Ra4 {(00:13)} 66. Rd5 {(00:48)} Ra1
{(00:20)} 67. Kf4 {(00:14)} Ra6 {(00:44)} 68. Nf3 {
(01:58)} Ra4+ {(00:31)} 69. Rd4 {(00:32)} Ra6 {(00:
14)} 70. Ne5+ {(00:22)} Kh6 {(00:25)} 71. Kf5 {(00:15)}
Ra1 {(01:00)} 72. g5+ {(00:18)} Kh5 {(00:31)} 73. g6 {
(01:24)} Rf1+ {(00:26)} 74. Rf4 {(00:32)} Rg1 {(00:
39)} 75. Kf6 {(00:21)} Rg2 {(01:03)} 76. g7 {(01:10)} Rg5
{(00:55)} 77. Rf5 {(00:52)} 1-0

[Event "42nd Olympiad Baku 2016 Women"]
[Site "Baku"]
[Date "2016.09.06"]
[Round "5.20"]
[White "Soumya, Swaminathan"]
[Black "Nguyen, Thi Thanh An"]
[Result "1/2-1/2"]
[ECO "B06"]
[WhiteElo "2379"]
[BlackElo "2249"]
[Annotator ""]
[PlyCount "85"]
[EventDate "2016.??.??"]
[EventType "team-tourn"]
[EventCountry "AZE"]
[SourceTitle "playchess.com"]
[Source "ChessBase"]
[WhiteTeam "India"]
[BlackTeam "Vietnam"]
[WhiteTeamCountry "IND"]
[BlackTeamCountry "VIE"]
[TimeControl "40/5400+30:1800+30"]

1. e4 {(00:00)} g6 {(00:00)} 2. d4 {(00:52)} Bg7 {(
00:00)} 3. Nc3 {(01:40)} c6 {(00:00)} 4. Nf3 {(09:18)} d6
{(00:22)} 5. h3 {(00:52)} Nd7 {(00:59)} 6. a4 {(01:
34)} Qc7 {(00:16)} 7. Bc4 {(01:34)} Ngf6 {(00:30)} 8. O-O
{(14:01)} d5 {(07:49)} 9. exd5 {(05:52)} Nb6 {(00:
17)} 10. d6 {(00:04)} Qxd6 {(00:10)} 11. Bd3 {(02:03)} O-O
{(01:56)} 12. Bg5 {(07:01)} Nbd5 {(02:14)} 13. Nxd5 {
(02:58)} cxd5 {(02:16)} 14. Re1 {(01:09)} Be6 {(04:
24)} 15. Qd2 {(00:52)} a6 {(06:50)} 16. Bh6 {(03:37)} Rfe8
{(01:02)} 17. Bxg7 {(01:54)} Kxg7 {(00:09)} 18. Qe3 {
(05:19)} Rac8 {(03:43)} 19. Re2 {(01:57)} Rc7 {(10:
31)} 20. g4 {(04:09)} Bd7 {(10:56)} 21. Qe5 {(03:08)} Qxe5
{(02:33)} 22. dxe5 {(02:50)} Ne4 {(17:53)} 23. Bxe4 {
(00:12)} dxe4 {(00:02)} 24. Nd4 {(00:19)} Rc4 {(09:
12)} 25. Rxe4 {(02:21)} Rxa4 {(00:08)} 26. Rxa4 {(01:15)}
Bxa4 {(00:02)} 27. Ne6+ {(00:12)} fxe6 {(00:09)} 28. Rxa4
{(00:02)} Rc8 {(00:19)} 29. c3 {(03:50)} g5 {(00:
07)} 30. Rd4 {(05:11)} Rc7 {(00:14)} 31. Kg2 {(01:18)} Kf7
{(00:08)} 32. Kg3 {(02:05)} Rc5 {(00:24)} 33. f4 {(
01:13)} h6 {(00:20)} 34. h4 {(01:03)} Rb5 {(04:52)} 35.
Rd2 {(04:31)} gxf4+ {(06:12)} 36. Kxf4 {(00:03)} Rc5 {
(00:08)} 37. Ke4 {(01:41)} a5 {(01:01)} 38. Rd4 {(
05:15)} b5 {(01:24)} 39. Kf4 {(02:58)} a4 {(02:31)} 40.
Rb4 {(00:00)} a3 {(00:00)} 41. bxa3 {(00:31)} Rxc3 {
(00:40)} 42. Rxb5 {(00:14)} Rxa3 {(00:03)} 43. h5 {
(06:45)} 1/2-1/2

[Event "42nd Olympiad Baku 2016 Women"]
[Site "Baku"]
[Date "2016.09.06"]
[Round "5.18"]
[White "Stetsko, Lanita"]
[Black "Gong, Qianyun"]
[Result "1/2-1/2"]
[ECO "C18"]
[WhiteElo "2170"]
[BlackElo "2262"]
[Annotator ""]
[PlyCount "98"]
[EventDate "2016.??.??"]
[EventType "team-tourn"]
[EventCountry "AZE"]
[SourceTitle "playchess.com"]
[Source "ChessBase"]
[WhiteTeam "Belarus"]
[BlackTeam "Singapore"]
[WhiteTeamCountry "BLR"]
[BlackTeamCountry "SIN"]
[TimeControl "40/5400+30:1800+30"]

1. e4 {(00:00)} e6 {(00:00)} 2. d4 {(00:00)} d5 {(
00:00)} 3. Nc3 {(00:00)} Bb4 {(00:00)} 4. e5 {(00:16)} c5
{(00:00)} 5. a3 {(00:10)} Bxc3+ {(00:10)} 6. bxc3 {
(00:08)} Qa5 {(00:03)} 7. Bd2 {(00:34)} Qa4 {(00:
09)} 8. h4 {(01:56)} Nc6 {(01:59)} 9. h5 {(10:00)} h6 {
(16:01)} 10. Nf3 {(04:13)} c4 {(05:01)} 11. g3 {(
02:59)} Nge7 {(00:26)} 12. Bh3 {(01:04)} Bd7 {(00:23)} 13.
O-O {(04:11)} O-O-O {(00:05)} 14. Re1 {(11:24)} Rdf8 {
(00:13)} 15. Nh4 {(03:03)} g6 {(10:39)} 16. Ra2 {(
06:40)} Kb8 {(02:53)} 17. Ng2 {(01:36)} Nf5 {(32:35)} 18.
Ne3 {(16:47)} Nxe3 {(07:22)} 19. Bxe3 {(02:54)} Ne7 {
(00:17)} 20. Qd2 {(05:38)} g5 {(05:48)} 21. Qe2 {(
03:28)} Qa5 {(00:39)} 22. Bd2 {(01:10)} Ba4 {(00:10)} 23.
Qf3 {(03:00)} Nc6 {(00:21)} 24. Qe3 {(02:56)} Ka8 {
(00:57)} 25. f4 {(02:53)} Ne7 {(04:01)} 26. fxg5 {(
03:10)} hxg5 {(00:10)} 27. Qxg5 {(00:14)} Qd8 {(01:44)}
28. Rf1 {(01:03)} Rfg8 {(01:06)} 29. Qh4 {(00:57)} Qe8 {
(03:33)} 30. Kg2 {(09:10)} Bd7 {(03:13)} 31. Rb2 {(
02:25)} Nf5 {(00:21)} 32. Bxf5 {(00:20)} exf5 {(00:01)}
33. h6 {(00:55)} Rg6 {(04:01)} 34. Bf4 {(00:29)} Be6 {
(00:06)} 35. Rfb1 {(00:44)} Bc8 {(00:19)} 36. Rb5 {
(00:42)} Qd7 {(01:37)} 37. Kf2 {(00:15)} b6 {(00:
53)} 38. a4 {(00:38)} Ba6 {(00:45)} 39. R5b4 {(00:05)} Qc6
{(00:22)} 40. Qe7 {(00:00)} Rgxh6 {(00:00)} 41. Qxf7 {
(19:06)} Rh2+ {(00:38)} 42. Kf3 {(00:08)} Rxc2 {(
01:29)} 43. Rc1 {(00:28)} Rxc1 {(04:33)} 44. Bxc1 {(00:02]
} Bc8 {(00:10)} 45. Bg5 {(04:31)} Be6 {(01:10)} 46. Qe7 {
(00:44)} Bc8 {(07:22)} 47. Qf7 {(04:37)} Be6 {(01:
42)} 48. Qe7 {(00:02)} Bc8 {(00:07)} 49. Qf7 {(00:20)} Be6
{(00:04)} 1/2-1/2

[Event "42nd Olympiad Baku 2016 Women"]
[Site "Baku"]
[Date "2016.09.06"]
[Round "5.16"]
[White "Stoeri, Laura"]
[Black "Ortez, Andrea"]
[Result "1/2-1/2"]
[ECO "B52"]
[WhiteElo "2084"]
[BlackElo "1756"]
[Annotator ""]
[PlyCount "123"]
[EventDate "2016.??.??"]
[EventType "team-tourn"]
[EventCountry "AZE"]
[SourceTitle "playchess.com"]
[Source "ChessBase"]
[WhiteTeam "Switzerland"]
[BlackTeam "El Salvador"]
[WhiteTeamCountry "SUI"]
[BlackTeamCountry "ESA"]
[TimeControl "40/5400+30:1800+30"]

1. e4 {(00:00)} c5 {(00:00)} 2. Nf3 {(00:00)} d6 {(
00:00)} 3. Bb5+ {(00:00)} Bd7 {(00:23)} 4. Bxd7+ {(00:00)}
Qxd7 {(00:05)} 5. O-O {(00:00)} Nc6 {(00:45)} 6. c3 {
(00:03)} Nf6 {(01:08)} 7. Re1 {(03:11)} e6 {(02:59]
} 8. d4 {(00:05)} cxd4 {(01:13)} 9. cxd4 {(00:05)} d5 {
(01:06)} 10. e5 {(00:05)} Ne4 {(01:27)} 11. Nbd2 {(
00:06)} Nxd2 {(00:42)} 12. Bxd2 {(00:06)} Be7 {(01:09)}
13. Rc1 {(00:06)} O-O {(01:18)} 14. Rc3 {(01:13)} f6 {
(05:08)} 15. exf6 {(00:13)} Bxf6 {(03:16)} 16. Rd3 {
(00:06)} Rae8 {(00:30)} 17. Bc3 {(00:54)} Qf7 {(09:
03)} 18. Rde3 {(08:56)} Re7 {(04:51)} 19. b4 {(19:14)}
Rfe8 {(11:26)} 20. b5 {(00:58)} Nd8 {(02:21)} 21. Ba5 {
(08:07)} b6 {(06:27)} 22. Bb4 {(00:23)} Rc7 {(01:
23)} 23. Bd6 {(06:26)} Rc4 {(02:59)} 24. Be5 {(22:53)} Kh8
{(12:17)} 25. Qd3 {(06:18)} Nb7 {(07:52)} 26. Qa3 {
(10:18)} Nd8 {(05:07)} 27. Rc3 {(01:30)} Rxc3 {(02:
06)} 28. Qxc3 {(00:01)} Rf8 {(00:22)} 29. Bd6 {(01:46)}
Be7 {(04:45)} 30. Bg3 {(02:29)} Bf6 {(02:22)} 31. Rc1 {
(00:40)} Qd7 {(02:42)} 32. Qd3 {(00:22)} Nf7 {(02:
13)} 33. Rc7 {(00:35)} Qe8 {(00:05)} 34. Qa3 {(04:57)} Nh6
{(04:12)} 35. Rxa7 {(02:13)} Nf5 {(01:29)} 36. Bd6 {
(00:23)} Qxb5 {(00:38)} 37. h3 {(01:15)} Nxd6 {(00:
39)} 38. Qxd6 {(00:04)} Re8 {(00:12)} 39. Kh2 {(02:49)}
Qe2 {(01:18)} 40. Qg3 {(00:00)} h6 {(00:00)} 41. Ne5 {
(10:54)} Qd2 {(10:56)} 42. Nf3 {(04:17)} Qe2 {(02:
57)} 43. a4 {(00:05)} e5 {(00:53)} 44. dxe5 {(02:01)} Bxe5
{(00:12)} 45. Nxe5 {(00:04)} Qxe5 {(00:07)} 46. Qxe5 {
(00:31)} Rxe5 {(00:02)} 47. Ra6 {(00:09)} Re4 {(00:
03)} 48. Rxb6 {(00:06)} Rxa4 {(00:05)} 49. Rd6 {(00:05)}
Rd4 {(00:22)} 50. Kg3 {(00:07)} Kg8 {(00:13)} 51. Rd7 {
(00:04)} Kh7 {(01:20)} 52. Rd6 {(04:48)} Kg8 {(02:
32)} 53. Kf3 {(00:27)} Kf7 {(01:19)} 54. Ke2 {(00:52)} Ke7
{(01:40)} 55. Rg6 {(00:04)} Kf7 {(00:04)} 56. Ra6 {
(07:51)} Re4+ {(03:29)} 57. Kd3 {(04:08)} Rb4 {(01:
21)} 58. Rd6 {(00:08)} Rb2 {(00:05)} 59. Ke3 {(00:29)}
Rb3+ {(00:12)} 60. Kd4 {(00:36)} Rb2 {(00:06)} 61. Ke3 {
(01:24)} Rb3+ {(00:06] Ke4} 62. Kd4 {(00:25)} 1/2-1/2

[Event "42nd Olympiad Baku 2016 Women"]
[Site "Baku"]
[Date "2016.09.06"]
[Round "5.27"]
[White "Stojanovic, Marija R"]
[Black "Barria Baker, Raisa Melissa"]
[Result "1-0"]
[ECO "C05"]
[WhiteElo "2127"]
[BlackElo "1961"]
[Annotator ""]
[PlyCount "123"]
[EventDate "2016.??.??"]
[EventType "team-tourn"]
[EventCountry "AZE"]
[SourceTitle "playchess.com"]
[Source "ChessBase"]
[WhiteTeam "Montenegro"]
[BlackTeam "Panama"]
[WhiteTeamCountry "MNE"]
[BlackTeamCountry "PAN"]
[TimeControl "40/5400+30:1800+30"]

1. e4 {(00:00)} e6 {(00:00)} 2. d4 {(01:01)} d5 {(
00:18)} 3. Nd2 {(00:33)} Nf6 {(01:44)} 4. e5 {(00:20)}
Nfd7 {(00:10)} 5. Bd3 {(00:26)} Be7 {(02:34)} 6. Ne2 {
(01:01)} c5 {(01:15)} 7. c3 {(00:28)} O-O {(00:45)}
8. O-O {(01:58)} b6 {(02:08)} 9. Nf3 {(02:46)} a5 {
(02:36)} 10. Bb1 {(08:14)} Nc6 {(07:30)} 11. Re1 {(
03:44)} Re8 {(10:11)} 12. g3 {(04:52)} Nf8 {(03:14)} 13.
h4 {(02:19)} b5 {(08:13)} 14. Be3 {(13:33)} cxd4 {(
08:56)} 15. cxd4 {(01:30)} Ba6 {(00:50)} 16. Ng5 {(02:54)}
Rc8 {(04:51)} 17. Nf4 {(03:55)} Bxg5 {(14:24)} 18. hxg5 {
(00:10)} Ne7 {(00:09)} 19. g4 {(03:47)} b4 {(03:12]
} 20. Kg2 {(01:18)} Neg6 {(01:28)} 21. Nh5 {(00:59)} Bb7 {
(07:38)} 22. f3 {(07:14)} Qb6 {(03:31)} 23. Kg3 {(
00:57)} Ba6 {(06:48)} 24. f4 {(01:55)} Qb5 {(01:34)} 25.
f5 {(03:14)} exf5 {(01:16)} 26. gxf5 {(00:05)} Nxe5 {
(01:36)} 27. dxe5 {(00:28)} Rxe5 {(00:08)} 28. Bd4 {
(00:55)} Rxe1 {(04:00)} 29. Qxe1 {(00:04)} Re8 {(
00:19)} 30. Qd1 {(02:11)} Qb8+ {(00:26)} 31. Nf4 {(02:13)}
Nd7 {(02:18)} 32. Bd3 {(09:46)} Bxd3 {(01:17)} 33. Qxd3 {
(00:06)} Ne5 {(00:18)} 34. Bxe5 {(00:48)} Qxe5 {(
00:23)} 35. Rb1 {(00:18)} d4 {(00:38)} 36. Rd1 {(01:45)}
g6 {(00:17)} 37. Kg4 {(01:30)} Rd8 {(00:59)} 38. Rd2 {
(01:00)} gxf5+ {(00:34)} 39. Qxf5 {(00:22)} Qe1 40. Qd3 {
(00:00)} a4 {(00:00)} 41. Re2 {(01:45)} Qh1 {(04:
00)} 42. Qe4 {(08:43)} Qg1+ {(03:35)} 43. Rg2 {(01:37)}
Qd1+ {(01:45)} 44. Qe2 {(00:22)} Qb1 {(00:33)} 45. Qd3 {
(01:02)} Qe1 {(03:40)} 46. Nh5 {(01:48)} Kf8 {(03:
57)} 47. Nf6 {(01:50)} Qe6+ {(05:28)} 48. Qf5 {(00:21)} d3
{(00:16)} 49. Qxe6 {(06:49)} fxe6 {(00:07)} 50. Rd2 {
(00:15)} Kf7 {(04:20)} 51. Ne4 {(01:36)} Kg6 {(01:
52)} 52. Kf4 {(01:48)} Rd4 {(03:40)} 53. Ke5 {(05:08)} Rd8
{(02:10)} 54. Kxe6 {(01:19)} Rc8 {(01:09)} 55. Ke5 {
(03:37)} Rc2 {(00:43)} 56. Kf4 {(00:33)} a3 {(01:
40)} 57. b3 {(01:29)} h6 {(00:08)} 58. gxh6 {(00:12)} Kxh6
{(00:01)} 59. Ke3 {(00:07)} Kg6 {(00:13)} 60. Kxd3 {
(00:09)} Rc7 {(00:21)} 61. Rf2 {(00:42)} Rc6 {(00:
53)} 62. Rf6+ {(00:25)} 1-0

[Event "42nd Olympiad Baku 2016 Women"]
[Site "Baku"]
[Date "2016.09.06"]
[Round "5.29"]
[White "Sukhu, Gloria"]
[Black "Zhang, Jasmine Haomo"]
[Result "0-1"]
[ECO "D05"]
[WhiteElo "1476"]
[BlackElo "1721"]
[Annotator ""]
[PlyCount "70"]
[EventDate "2016.??.??"]
[EventType "team-tourn"]
[EventCountry "AZE"]
[SourceTitle "playchess.com"]
[Source "ChessBase"]
[WhiteTeam "Fiji"]
[BlackTeam "New Zealand"]
[WhiteTeamCountry "FIJ"]
[BlackTeamCountry "NZL"]
[TimeControl "40/5400+30:1800+30"]

1. d4 {(00:00)} d5 {(00:00)} 2. Nf3 {(00:00)} Nf6 {
(00:00)} 3. e3 {(00:00)} e6 {(00:00)} 4. Bd3 {(00:
00)} c5 {(00:00)} 5. c4 {(00:09)} Nc6 {(00:07)} 6. Nbd2 {
(01:12)} dxc4 {(04:59)} 7. Nxc4 {(00:15)} cxd4 {(
00:44)} 8. e4 {(01:40)} Qc7 {(03:48)} 9. a3 {(01:34)} e5 {
(02:28)} 10. Bg5 {(02:20)} Nd7 {(04:53)} 11. Rc1 {(
00:16)} f6 {(00:16)} 12. Bh4 {(01:41)} Nc5 {(05:01)} 13.
Bb1 {(01:31)} a5 {(11:46)} 14. Bg3 {(01:39)} b5 {(
07:15)} 15. Ncd2 {(01:31)} Be6 {(04:30)} 16. O-O {(01:08)}
Qd7 {(01:44)} 17. Nh4 {(00:10)} g6 {(05:53)} 18. f4 {
(01:14)} exf4 {(01:41)} 19. Bf2 {(01:20)} Na4 {(06:
03)} 20. Ndf3 Nxb2 21. Qc2 {(10:15)} Nc4 {(01:02)} 22. Rfd1 {
(06:03)} Bxa3 {(00:34)} 23. Nxd4 Bxc1 24. Nxb5 {(03:02)}
Bd2 {(01:35)} 25. Bb6 {(02:58)} Rc8 {(03:45)} 26. Nf3 Nb4
27. Qa4 {(03:19)} O-O {(04:32)} 28. Ba2 {(00:34)} Nxa2 {
(01:05)} 29. Qxa2 {(00:19)} Nxb6 {(01:50)} 30. Qb1 {
(01:46)} Rc1 {(01:34)} 31. Rxc1 {(00:35)} Bxc1 {(
00:16)} 32. Nbd4 {(00:10)} Be3+ {(00:13)} 33. Kh1 {(00:16]
} Bxd4 {(00:06)} 34. Nxd4 Qxd4 35. h3 {(01:31)} a4 {(00:
38)} 0-1

[Event "42nd Olympiad Baku 2016 Women"]
[Site "Baku"]
[Date "2016.09.06"]
[Round "5.11"]
[White "Szczepkowska-Horowska, Karina"]
[Black "Llaudy Pupo, Lisandra"]
[Result "1-0"]
[ECO "A40"]
[WhiteElo "2409"]
[BlackElo "2269"]
[Annotator ""]
[PlyCount "99"]
[EventDate "2016.??.??"]
[EventType "team-tourn"]
[EventCountry "AZE"]
[SourceTitle "playchess.com"]
[Source "ChessBase"]
[WhiteTeam "Poland"]
[BlackTeam "Cuba"]
[WhiteTeamCountry "POL"]
[BlackTeamCountry "CUB"]
[TimeControl "40/5400+30:1800+30"]

1. d4 {(00:00)} Nf6 {(00:00)} 2. c4 {(00:00)} e6 {(
00:03)} 3. g3 {(00:13)} c5 {(00:27)} 4. Nf3 {(01:07)} cxd4
{(00:16)} 5. Nxd4 {(00:08)} d5 {(00:29)} 6. Bg2 {(
00:24)} e5 {(00:53)} 7. Nf3 {(00:05)} d4 {(00:25)} 8. O-O
{(00:07)} Nc6 {(00:33)} 9. e3 {(01:11)} Bc5 {(06:
02)} 10. exd4 {(00:07)} exd4 {(00:12)} 11. Re1+ {(00:06)}
Be6 {(00:20)} 12. Ng5 {(01:54)} O-O {(01:22)} 13. Nxe6 {
(00:39)} fxe6 {(00:10)} 14. Nd2 {(02:04)} Qb6 {(05:
04)} 15. Ne4 {(16:48)} Nxe4 {(04:11)} 16. Bxe4 {(01:03)}
d3 {(04:02)} 17. Qh5 {(05:18)} Bxf2+ {(02:10)} 18. Kg2 {
(29:35)} h6 {(09:25)} 19. Rf1 {(01:46)} Rf6 {(24:
26)} 20. Bxd3 {(03:00)} Raf8 {(12:40)} 21. Qe2 {(04:27)}
Bd4 {(04:45)} 22. Rxf6 {(02:19)} Rxf6 {(00:14)} 23. Kh3 {
(06:07)} Qc5 {(08:02)} 24. Bd2 {(00:22)} Ne5 {(02:
37)} 25. Be4 {(02:40)} Rf2 {(03:40)} 26. Qh5 {(00:26)}
Rxd2 {(01:46)} 27. Qe8+ {(00:45)} Qf8 {(00:51)} 28. Bh7+ {
(00:00)} Kxh7 {(00:12)} 29. Qxf8 {(00:00)} Rf2 {(
00:43)} 30. Qe7 {(10:02)} Nf3 {(02:45)} 31. Rh1 {(02:47)}
h5 {(05:00)} 32. g4 {(02:19)} Bf6 {(01:41)} 33. Qxb7 {
(00:38)} h4 {(00:30)} 34. g5 {(01:00)} Nxg5+ {(00:
30)} 35. Kxh4 {(01:32)} e5 {(00:28)} 36. Kg3 {(01:20)} Rf4
{(00:18)} 37. Re1 {(00:00)} Ne6 {(00:00)} 38. Kg2 {
(00:00)} Rxc4 {(00:00)} 39. Kh1 {(00:00)} Nf4 {(00:
00)} 40. Qxa7 {(00:00)} Rc2 41. Qb7 Kh6 42. Qb3 Rd2 43. Qc3 Rd4 44. b3
Rd3 45. Qc2 Rf3 46. Qe4 Rc3 47. Rg1 Rc7 48. b4 Ra7 49. b5 Rxa2 50. b6 1-0

[Event "42nd Olympiad Baku 2016 Women"]
[Site "Baku"]
[Date "2016.09.06"]
[Round "5.17"]
[White "Szekely, Olga"]
[Black "Nosimilo Mkhonto"]
[Result "1-0"]
[ECO "B00"]
[WhiteElo "1754"]
[BlackElo "1392"]
[Annotator ""]
[PlyCount "57"]
[EventDate "2016.??.??"]
[EventType "team-tourn"]
[EventCountry "AZE"]
[SourceTitle "playchess.com"]
[Source "ChessBase"]
[WhiteTeam "GUM"]
[BlackTeam "SWZ"]
[TimeControl "40/5400+30:1800+30"]

1. e4 {(00:00)} b6 {(00:00)} 2. d4 {(01:00)} Bb7 {(
00:00)} 3. Nc3 {(00:15)} Nf6 {(00:13)} 4. e5 {(04:09)} Nd5
{(00:16)} 5. Nxd5 {(00:34)} Bxd5 {(00:09)} 6. f4 {(
00:51)} e6 {(00:31)} 7. Nf3 {(00:43)} h6 {(02:00)} 8. Bd3
{(03:01)} c5 {(01:55)} 9. c3 {(01:00)} cxd4 {(00:
53)} 10. cxd4 {(00:03)} Nc6 {(04:26)} 11. Be3 {(03:18)}
Be7 {(02:40)} 12. O-O {(00:12)} O-O {(00:12)} 13. a3 {
(02:21)} Rc8 {(00:37)} 14. Nd2 {(02:20)} Na5 {(00:
54)} 15. Be4 {(06:07)} Bxe4 {(01:22)} 16. Nxe4 {(00:16)}
Nc4 {(06:12)} 17. Bc1 {(00:40)} d5 {(07:12)} 18. Ng3 {
(03:21)} Na5 {(14:36)} 19. f5 {(01:53)} Bg5 {(01:
27)} 20. f6 {(06:16)} Bxc1 {(01:33)} 21. Rxc1 {(01:00)} g6
{(01:27)} 22. Rc3 {(10:40)} Rxc3 {(00:25)} 23. bxc3 {
(00:11)} Qc7 {(00:25)} 24. Qc1 {(01:09)} Kh7 {(00:
40)} 25. Rf4 {(01:48)} Rh8 {(06:04)} 26. Rh4 {(02:03)} h5
{(14:05)} 27. Rxh5+ {(05:26)} Kg8 {(15:24)} 28. Rxh8+ {
(00:23)} Kxh8 {(01:11)} 29. Qh6+ {(00:00)} 1-0

[Event "42nd Olympiad Baku 2016 Women"]
[Site "Baku"]
[Date "2016.09.06"]
[Round "5.21"]
[White "Tan, Li Ting"]
[Black "Aseel, Odeh"]
[Result "1-0"]
[ECO "D15"]
[WhiteElo "1993"]
[BlackElo "1547"]
[Annotator ""]
[PlyCount "83"]
[EventDate "2016.??.??"]
[EventType "team-tourn"]
[EventCountry "AZE"]
[SourceTitle "playchess.com"]
[Source "ChessBase"]
[WhiteTeam "Malaysia"]
[BlackTeam "Jordan"]
[WhiteTeamCountry "MAS"]
[BlackTeamCountry "JOR"]
[TimeControl "40/5400+30:1800+30"]

1. d4 {(00:00)} d5 {(00:00)} 2. c4 {(00:00)} c6 {(
00:00)} 3. Nf3 {(00:06)} Nf6 {(00:04)} 4. Nc3 {(01:15)}
Bf5 {(00:41)} 5. cxd5 {(00:56)} Nxd5 {(05:45)} 6. Qb3 {
(03:12)} Nxc3 {(04:13)} 7. bxc3 {(01:10)} Qb6 {(02:
41)} 8. Nd2 {(20:47)} e6 {(06:59)} 9. Nc4 {(03:49)} Qc7 {
(17:30)} 10. g3 {(05:02)} b5 {(10:31)} 11. Ne3 {(
16:15)} Be4 {(05:29)} 12. f3 {(07:30)} Bd5 {(05:05)} 13.
Nxd5 {(01:25)} exd5 {(02:19)} 14. a4 {(09:58)} Qa5 {
(10:45)} 15. Bd2 {(08:02)} Na6 {(04:05)} 16. e3 {(
04:10)} Rb8 {(05:06)} 17. Kf2 {(04:27)} Nc7 {(05:37)} 18.
Be2 {(03:22)} Qb6 {(03:17)} 19. axb5 {(02:32)} cxb5 {
(01:12)} 20. Qa2 {(01:34)} a6 {(00:59)} 21. Qa5 {(
01:27)} Be7 {(01:28)} 22. Qxb6 {(00:15)} Rxb6 {(00:02)}
23. e4 {(00:36)} O-O {(00:31)} 24. Rhb1 {(00:48)} Rfb8 {
(01:07)} 25. Ra2 {(01:48)} dxe4 {(00:36)} 26. fxe4 {
(00:06)} Ra8 {(02:29)} 27. Bf4 {(01:23)} Ne6 {(00:
25)} 28. Rxb5 {(00:50)} Rxb5 {(00:51)} 29. Bxb5 {(00:04)}
Nxf4 {(00:09)} 30. gxf4 {(00:09)} a5 {(00:22)} 31. Ke3 {
(00:16)} Bd8 {(00:31)} 32. c4 {(00:42)} Bc7 {(00:
19)} 33. c5 {(00:49)} Rb8 {(00:40)} 34. Bc4 {(00:39)} Rb4
{(00:16)} 35. Rc2 {(00:06)} a4 {(00:39)} 36. d5 {(
00:12)} a3 {(00:59)} 37. d6 {(00:18)} Bd8 {(00:12)} 38. c6
{(01:03)} Bb6+ {(03:24)} 39. Kd3 {(00:13)} Ba5 {(
01:20)} 40. c7 {(00:00)} Bxc7 {(00:00)} 41. dxc7 {(00:23)}
Rb5 {(00:50)} 42. c8=Q# {(00:07)} 1-0